 Dungeon Crawl Stone Soup version 0.23-a0-57-gd13e5294dc (webtiles) character file.

98 Oravi the Gusty (level 4, 0/24 HPs)
             Began as a Tengu Air Elementalist on Aug 9, 2018.
             Was an Initiate of Vehumet.
             Succumbed to Crazy Yiuf's poison
             ... on level 2 of the Dungeon.
             The game lasted 00:15:24 (2298 turns).

Oravi the Gusty (Tengu Air Elementalist)            Turns: 2298, Time: 00:15:24

Health: 0/24       AC:  5    Str: 11 (13) XL:     4   Next: 69%
Magic:  6/9        EV: 12    Int: 20 (22) God:    Vehumet [......]
Gold:   83         SH:  0    Dex: 13 (14) Spells: 3/9 levels left

rFire    . . .     SeeInvis .   m - +0 dagger
rCold    . . .     Gourm    .   (no shield)
rNeg     . . .     Faith    .   a - +1 robe
rPois    .         Spirit   .   (helmet restricted)
rElec    .         Reflect  .   (no cloak)
rCorr    .         Harm     .   (no gloves)
MR       +....                  (boots unavailable)
Stlth    ++........             (no amulet)
HPRegen  0.08/turn              f - ring of protection from magic
MPRegen  0.11/turn              s - +2 ring of protection

@: mighty, brilliant, lethally poisoned (0 -> -2), berserk cooldown, slowed,
invisible, very slow
A: beak, talons 3
a: Renounce Religion


You were on level 2 of the Dungeon.
You worshipped Vehumet.
Vehumet was noncommittal.
You were not hungry.

You visited 1 branch of the dungeon, and saw 2 of its levels.

You collected 83 gold pieces.

Inventory:

Hand Weapons
 m - a +0 dagger (weapon)
Missiles
 j - 116 stones (quivered)
 l - 17 poisoned needles
Armour
 a - a +1 robe (worn)
Jewellery
 b - an uncursed ring of fire
 f - a ring of protection from magic (left hand)
 s - a +2 ring of protection (right hand)
 t - an uncursed ring of stealth
Scrolls
 d - a scroll of remove curse
 k - 2 scrolls of fog
 n - a scroll of immolation
 u - a scroll of random uselessness
Potions
 e - a potion of invisibility
Comestibles
 c - 2 rations


   Skills:
 - Level 2.1 Dodging
 - Level 2.0 Stealth
 + Level 3.0 Spellcasting
 + Level 3.4 Conjurations
 + Level 5.2 Air Magic


You had 3 spell levels left.
You knew the following spells:

 Your Spells              Type           Power        Failure   Level  Hunger
a - Shock                 Conj/Air       ####         1%          1    None
b - Static Discharge      Conj/Air       ####....     1%          3    ###....
c - Swiftness             Chrm/Air       ####....     1%          2    ##.....

Your spell library contained the following spells:

 Spells                   Type           Power        Failure   Level  Hunger
 Lightning Bolt           Conj/Air       ####......   8%          5    ######.
 Airstrike                Air            #####.....   2%          4    ####...


Dungeon Overview and Level Annotations

Branches:
Dungeon (2/15)

Altars:
Vehumet

Annotations:
D:2 1 runed door


Innate Abilities, Weirdness & Mutations

You have a beak for a mouth.
You have claws for feet.


Message History

You feel clever all of a sudden.
* * * LOW HITPOINT WARNING * * *
You feel sick.
It was a potion of might.
You feel very mighty all of a sudden.
It was a potion of degeneration.
There was something very wrong with that liquid.
You feel weakened.
You feel dopey.
You feel clumsy.
* * * LOW HITPOINT WARNING * * *
You feel sick.
Unknown command.
Okay, then.
As you read the scroll labeled DAMPYE SEUNN, it crumbles to dust.
It is a scroll of enchant armour.
Your +0 robe glows green for a moment.
As you read the scroll labeled SAZUFI VUCO, it crumbles to dust.
You experience a momentary feeling of inescapable doom!
It was a scroll of random uselessness.
You fade into invisibility!
You die...

#....#.####
######..#########
#....#.>........##
#.##.#...........#
#......####.####.#
#..#...##.....##.#
####.#.#.(.....#.#
# #.#.#.......#.#
#......._....@#
###.#.......#.#
#.#.......#.#
#[##.....##.##
######)####.####..#
..................#
#######.###.##.##.#
####.# #.......#
#^...# #<##.####


There were no monsters in sight!

Vanquished Creatures
  Crazy Yiuf (D:2)
  2 adders (D:2)
  2 worms
  2 dart slugs (D:1)
  2 leopard geckos (D:2)
  5 bats
  2 giant cockroaches
  2 goblins
  5 hobgoblins
  3 jackals (D:1)
  3 frilled lizards (D:1)
  7 kobolds (D:2)
  2 rats (D:1)
38 creatures vanquished.

Notes
Turn   | Place    | Note
-------+----------+-------------------------------------------
     0 | D:1      | Oravi the Tengu Air Elementalist began the quest for the Orb.
     0 | D:1      | Reached XP level 1. HP: 10/10 MP: 4/4
   406 | D:1      | Reached XP level 2. HP: 15/15 MP: 4/6
  1152 | D:2      | Reached XP level 3. HP: 19/19 MP: 5/7
  1486 | D:2      | Learned a level 3 spell: Static Discharge
  1489 | D:2      | Learned a level 2 spell: Swiftness
  1518 | D:2      | Found a radiant altar of Vehumet.
  1526 | D:2      | Became a worshipper of Vehumet
  1796 | D:2      | Reached XP level 4. HP: 24/24 MP: 5/9
  2084 | D:2      | Reached skill level 5 in Air Magic
  2272 | D:2      | Found a runed door.
  2282 | D:2      | Noticed Crazy Yiuf
  2288 | D:2      | Killed Crazy Yiuf
  2295 | D:2      | HP: 1/24 [poisoned by Crazy Yiuf]
  2298 | D:2      | Succumbed to Crazy Yiuf's poison

Vault maps used:
D:1:      matt_arrival_refuge
D:2:      old_standard_altar, uniq_crazy_yiuf_cottage

Skill      XL: |  1  2  3  4 |
---------------+-------------+-----
Conjurations   | 2 3 |  3.4
Air Magic      | 5 |  5.2
Spellcasting   | 3 |  3.0
Dodging        | |  2.1
Stealth        | |  2.0

Action                   |  1- 3 |  4- 6 || total
-------------------------+-------+-------++-------
Melee: Unarmed           |     2 |       ||     2
       Dagger            |     4 |    13 ||    17
       Kick              |     1 |     3 ||     4
Throw: Stone             |    16 |     4 ||    20
 Cast: Shock             |    60 |    19 ||    79
  Use: Scroll            |       |    10 ||    10
       Potion            |       |     5 ||     5
  Eat: Chunk             |     3 |     2 ||     5
Armor: Robe              |     5 |     2 ||     7
Dodge: Dodged            |    20 |    10 ||    30

Table legend:
 A = Spawn XP
 B = Non-spawn XP
 C = Spawn XP percentage of total XP
 D = Spawn monster count
 E = Non-spawn monster count
 F = Spawn count percentage of total count
 G = Total turns spent on level
                    A         B        C        D         E        F      G
               +---------+---------+-------+---------+---------+-------+---------
         Total |       0 |     140 |   0.0 |       0 |      38 |   0.0 |  2298
               +---------+---------+-------+---------+---------+-------+---------
           D:1 |       0 |      37 |   0.0 |       0 |      18 |   0.0 |  1382
           D:2 |       0 |     103 |   0.0 |       0 |      20 |   0.0 |   916
               +---------+---------+-------+---------+---------+-------+---------
